TOP OF THE 1ST |
Pennsauken Flyers batting - Pitching for Plymouth Rocks : RHP Cisco Andr
|
Pitching: RHP Cisco Andr
|
|
Batting: RHB Enrique Ibarra
|
0-0: Ground out 5-3 (Groundball, 5L)
|
Batting: RHB Marc Beck
|
0-0: Swinging Strike 0-1: Foul Ball, location: 2F 0-2: Ball 1-2: Foul Ball, location: 2F 1-2: Foul Ball, location: 2F 1-2: Strikes out swinging
|
Batting: RHB José Rodríguez
|
0-0: Swinging Strike 0-1: Ball 1-1: Swinging Strike 1-2: Strikes out swinging
|
Top of the 1st over - 0 runs, 0 hits, 0 errors, 0 left on base; Pennsauken 0 - Plymouth 0 |
BOTTOM OF THE 1ST |
Plymouth Rocks batting - Pitching for Pennsauken Flyers : LHP Mike Foltynewicz
|
Pitching: LHP Mike Foltynewicz
|
|
Batting: RHB Chang-lit Min
|
0-0: Ball 1-0: Called Strike 1-1: Fly out, F4 (Popup, 4MS)
|
Batting: RHB Tumas Wenzu
|
0-0: Ball 1-0: Foul Ball, location: 2F 1-1: Ball 2-1: Foul Ball, location: 2F 2-2: SINGLE (Flyball, 8RM) - OUT at second base trying to stretch hit.
|
Batting: RHB Ernesto Trevino
|
0-0: Called Strike 0-1: Ball 1-1: Called Strike 1-2: Foul Ball, location: 2F 1-2: Fly out, F9 (Flyball, 9)
|
Bottom of the 1st over - 0 runs, 1 hit, 0 errors, 0 left on base; Pennsauken 0 - Plymouth 0 |
TOP OF THE 2ND |
Pennsauken Flyers batting - Pitching for Plymouth Rocks : RHP Cisco Andr
|
Batting: LHB Arana Sashi
|
0-0: Ball 1-0: Swinging Strike 1-1: Foul Ball, location: 2F 1-2: Ball 2-2: Ball 3-2: SINGLE (Line Drive, 7LS)
|
Batting: SHB Chris Williamson
|
0-0: Ball 1-0: Called Strike 1-1: Foul Ball, location: 2F 1-2: Foul Ball, location: 2F 1-2: Ball 2-2: Foul Ball, location: 2F 2-2: Strikes out looking
|
Batting: RHB Raúl Moreno
|
0-0: Fly out, F8 (Flyball, 78D)
|
Batting: RHB Vincente Flores
|
0-0: Ball 1-0: Ball 2-0: Foul Ball, location: 2F 2-1: Ball 3-1: Base on Balls Arana Sashi to second
|
Batting: RHB Raúl Javier Jr.
|
0-0: Called Strike 0-1: Foul Ball, location: 2F 0-2: Ball 1-2: Strikes out swinging
|
Top of the 2nd over - 0 runs, 1 hit, 0 errors, 2 left on base; Pennsauken 0 - Plymouth 0 |
BOTTOM OF THE 2ND |
Plymouth Rocks batting - Pitching for Pennsauken Flyers : LHP Mike Foltynewicz
|
Batting: RHB Xi-ku See-to
|
0-0: Called Strike 0-1: Ball 1-1: Ball 2-1: SINGLE (Popup, 4MD)
|
Batting: SHB Javier Vega
|
0-0: Ball 1-0: Ball 2-0: Ball 3-0: Called Strike 3-1: Base on Balls Xi-ku See-to to second
|
Batting: RHB Raúl Ortíz
|
0-0: Ball 1-0: Ball 2-0: Called Strike 2-1: Foul Ball, location: 2F 2-2: Foul Ball, location: 2F 2-2: Ball 3-2: SINGLE (Line Drive, 34) Xi-ku See-to to third Javier Vega to second
|
Batting: LHB Octávio Ontiveros
|
0-0: Ball 1-0: Ball 2-0: Foul Ball, location: 2F 2-1: Foul Ball, location: 2F 2-2: Ball 3-2: Fielders Choice at 2nd, 4-6 (Groundball, 4) Xi-ku See-to scores Javier Vega to third
|
Batting: LHB Jeff Lawson
|
0-0: Swinging Strike 0-1: Ball 1-1: Ball 2-1: Foul Ball, location: 2F 2-2: Fly out, F4 (Flyball, 34D)
|
Batting: LHB Dae-ik Park
|
0-0: Called Strike 0-1: Ball 1-1: Ball 2-1: Foul Ball, location: 2F 2-2: Fly out, F9 (Flyball, 9LM)
|
Bottom of the 2nd over - 1 run, 2 hits, 0 errors, 2 left on base; Pennsauken 0 - Plymouth 1 |
TOP OF THE 3RD |
Pennsauken Flyers batting - Pitching for Plymouth Rocks : RHP Cisco Andr
|
Batting: RHB Roy McFerran
|
0-0: Called Strike 0-1: Called Strike 0-2: Strikes out swinging
|
Batting: RHB Enrique Ibarra
|
0-0: Called Strike 0-1: Swinging Strike 0-2: Ball 1-2: Ball 2-2: Strikes out swinging
|
Batting: RHB Marc Beck
|
0-0: Ball 1-0: Foul Ball, location: 2F 1-1: Called Strike 1-2: Strikes out looking
|
Top of the 3rd over - 0 runs, 0 hits, 0 errors, 0 left on base; Pennsauken 0 - Plymouth 1 |
BOTTOM OF THE 3RD |
Plymouth Rocks batting - Pitching for Pennsauken Flyers : LHP Mike Foltynewicz
|
Batting: RHB Chang-lit Min
|
0-0: Ball 1-0: Called Strike 1-1: Foul Ball, location: 2F 1-2: Ball 2-2: Foul Ball, location: 2F 2-2: Strikes out swinging
|
Batting: RHB Tumas Wenzu
|
0-0: Ball 1-0: Called Strike 1-1: SINGLE (Groundball, 56D)
|
Batting: RHB Ernesto Trevino
|
0-0: Called Strike 0-1: Ball 1-1: Fielders Choice at 2nd, 6-4 (Groundball, 6)
|
Batting: RHB Xi-ku See-to
|
0-0: Ball 1-0: Ball 2-0: Called Strike 2-1: Ground out 3-1 (Groundball, 34S)
|
Bottom of the 3rd over - 0 runs, 1 hit, 0 errors, 1 left on base; Pennsauken 0 - Plymouth 1 |
TOP OF THE 4TH |
Pennsauken Flyers batting - Pitching for Plymouth Rocks : RHP Cisco Andr
|
Batting: RHB José Rodríguez
|
0-0: Called Strike 0-1: Ball 1-1: Foul Ball, location: 2F 1-2: Ground out 5-3 (Groundball, 56S)
|
Batting: LHB Arana Sashi
|
0-0: SINGLE (Groundball, 56) (infield hit)
|
Batting: SHB Chris Williamson
|
0-0: Foul Ball, location: 2F 0-1: Swinging Strike 0-2: Ball 1-2: Ball Arana Sashi steals 2nd base 2-2: Ball 3-2: Foul Ball, location: 2F 3-2: Foul Ball, location: 2F 3-2: Strikes out swinging
|
Batting: RHB Raúl Moreno
|
0-0: Ball 1-0: Fly out, F7 (Line Drive, 7)
|
Top of the 4th over - 0 runs, 1 hit, 0 errors, 1 left on base; Pennsauken 0 - Plymouth 1 |
BOTTOM OF THE 4TH |
Plymouth Rocks batting - Pitching for Pennsauken Flyers : LHP Mike Foltynewicz
|
Batting: SHB Javier Vega
|
0-0: Foul Ball, location: 2F 0-1: Fly out, F9 (Flyball, 9LS)
|
Batting: RHB Raúl Ortíz
|
0-0: Called Strike 0-1: Foul Ball, location: 2F 0-2: Ground out 4-3 (Groundball, 4)
|
Batting: LHB Octávio Ontiveros
|
0-0: Called Strike 0-1: Fly out, F8 (Line Drive, 89M)
|
Bottom of the 4th over - 0 runs, 0 hits, 0 errors, 0 left on base; Pennsauken 0 - Plymouth 1 |
TOP OF THE 5TH |
Pennsauken Flyers batting - Pitching for Plymouth Rocks : RHP Cisco Andr
|
Batting: RHB Vincente Flores
|
0-0: Called Strike 0-1: Fly out, F4 (Line Drive, 4M)
|
Batting: RHB Raúl Javier Jr.
|
0-0: Ball 1-0: Called Strike 1-1: Ball 2-1: Ball 3-1: Called Strike 3-2: Strikes out swinging
|
Batting: RHB Roy McFerran
|
0-0: Ball 1-0: Fly out, F6 (Popup, 6)
|
Top of the 5th over - 0 runs, 0 hits, 0 errors, 0 left on base; Pennsauken 0 - Plymouth 1 |
BOTTOM OF THE 5TH |
Plymouth Rocks batting - Pitching for Pennsauken Flyers : LHP Mike Foltynewicz
|
Batting: LHB Jeff Lawson
|
0-0: Ball 1-0: Foul Ball, location: 2F 1-1: Called Strike 1-2: SINGLE (Groundball, 4D)
|
Batting: LHB Dae-ik Park
|
0-0: Ball 1-0: Ball 2-0: Bunted foul 2-1: Sac Bunt - play at first, batter OUT! 2-4 Jeff Lawson to second
|
Batting: RHB Chang-lit Min
|
0-0: Called Strike 0-1: Fly out, F7 (Flyball, 7D)
|
Batting: RHB Tumas Wenzu
|
0-0: Ball 1-0: Swinging Strike 1-1: Ball 2-1: Swinging Strike 2-2: DOUBLE (Flyball, 8RXD) Jeff Lawson scores
|
Batting: RHB Ernesto Trevino
|
0-0: Called Strike 0-1: Foul Ball, location: 2F 0-2: Ball 1-2: Ball 2-2: SINGLE (Line Drive, 56D) Tumas Wenzu to third Runner from 3rd tries for Home, SAFE, no throw
|
Batting: RHB Xi-ku See-to
|
0-0: Ball 1-0: Ball 2-0: Called Strike 2-1: Foul Ball, location: 2F 2-2: Ball 3-2: Ground out 5-3 (Groundball, 56)
|
Bottom of the 5th over - 2 runs, 3 hits, 0 errors, 1 left on base; Pennsauken 0 - Plymouth 3 |
TOP OF THE 6TH |
Pennsauken Flyers batting - Pitching for Plymouth Rocks : RHP Cisco Andr
|
Batting: RHB Enrique Ibarra
|
0-0: Called Strike 0-1: Ground out 5-3 (Groundball, 56)
|
Batting: RHB Marc Beck
|
0-0: Swinging Strike 0-1: Ball 1-1: Foul Ball, location: 2F 1-2: Ball 2-2: Strikes out swinging
|
Batting: RHB José Rodríguez
|
0-0: Called Strike 0-1: Foul Ball, location: 2F 0-2: SOLO HOME RUN (Flyball, 7D), Distance : 408 ft
|
Batting: LHB Arana Sashi
|
0-0: Ground out 4-3 (Groundball, 4)
|
Top of the 6th over - 1 run, 1 hit, 0 errors, 0 left on base; Pennsauken 1 - Plymouth 3 |
BOTTOM OF THE 6TH |
Plymouth Rocks batting - Pitching for Pennsauken Flyers : LHP Mike Foltynewicz
|
Batting: SHB Javier Vega
|
0-0: Called Strike 0-1: Ball 1-1: Called Strike 1-2: Strikes out swinging
|
Batting: RHB Raúl Ortíz
|
0-0: Called Strike 0-1: Called Strike 0-2: Foul Ball, location: 2F 0-2: Ball 1-2: Ball 2-2: Foul Ball, location: 2F 2-2: SINGLE (Flyball, 78S)
|
Batting: LHB Octávio Ontiveros
|
0-0: Ball 1-0: Ball 2-0: Ball 3-0: Base on Balls Raúl Ortíz to second
|
Batting: LHB Jeff Lawson
|
0-0: Ball 1-0: Ball 2-0: Foul Ball, location: 2F 2-1: Foul Ball, location: 2F 2-2: Ball 3-2: Base on Balls Raúl Ortíz to third Octávio Ontiveros to second
|
Batting: LHB Dae-ik Park
|
0-0: Ball 1-0: Ball 2-0: Ball 3-0: Called Strike 3-1: Swinging Strike 3-2: Grounds into fielders choice 4-2 (Groundball, 4) Octávio Ontiveros to third Jeff Lawson to second
|
Pitching: RHP Sergio Reyes
|
|
Batting: RHB Chang-lit Min
|
0-0: Foul Ball, location: 2F 0-1: Ball 1-1: SINGLE (Line Drive, 89S) Octávio Ontiveros scores Jeff Lawson to third Dae-ik Park to second
|
Batting: RHB Tumas Wenzu
|
0-0: Foul Ball, location: 2F 0-1: Ball 1-1: Foul Ball, location: 2F 1-2: Ball 2-2: Fielders Choice at 2nd, 6-4 (Groundball, 6)
|
Bottom of the 6th over - 1 run, 2 hits, 0 errors, 3 left on base; Pennsauken 1 - Plymouth 4 |
TOP OF THE 7TH |
Pennsauken Flyers batting - Pitching for Plymouth Rocks : RHP Cisco Andr
|
Batting: SHB Chris Williamson
|
0-0: Fly out, F7 (Line Drive, 7S)
|
Batting: RHB Raúl Moreno
|
0-0: Foul Ball, location: 2F 0-1: Ball 1-1: Called Strike 1-2: Fly out, F6 (Popup, 6M)
|
Batting: RHB Vincente Flores
|
0-0: Ball 1-0: Ball 2-0: SINGLE (Groundball, 56D)
|
Batting: RHB Raúl Javier Jr.
|
0-0: Ball 1-0: Foul Ball, location: 2F 1-1: Called Strike 1-2: Foul Ball, location: 2F 1-2: Strikes out swinging
|
Top of the 7th over - 0 runs, 1 hit, 0 errors, 1 left on base; Pennsauken 1 - Plymouth 4 |
BOTTOM OF THE 7TH |
Plymouth Rocks batting - Pitching for Pennsauken Flyers : RHP Sergio Reyes
|
Batting: RHB Ernesto Trevino
|
0-0: Fly out, F7 (Flyball, 7)
|
Batting: RHB Xi-ku See-to
|
0-0: SINGLE (Groundball, 6MD)
|
Batting: SHB Javier Vega
|
Pickoff Throw to First - Out! 0-0: SINGLE (Flyball, 7LM)
|
Batting: RHB Raúl Ortíz
|
0-0: Ball 1-0: Called Strike 1-1: Ball 2-1: Called Strike 2-2: Foul Ball, location: 2F 2-2: Ball 3-2: Foul Ball, location: 2F 3-2: Fly out, F9 (Flyball, 89M)
|
Bottom of the 7th over - 0 runs, 2 hits, 0 errors, 1 left on base; Pennsauken 1 - Plymouth 4 |
TOP OF THE 8TH |
Pennsauken Flyers batting - Pitching for Plymouth Rocks : RHP Cisco Andr
|
Batting: RHB Roy McFerran
|
0-0: Ball 1-0: Ball 2-0: Called Strike 2-1: Foul Ball, location: 2F 2-2: Foul Ball, location: 2F 2-2: Ball 3-2: Base on Balls
|
Batting: RHB Enrique Ibarra
|
0-0: Ball 1-0: Swinging Strike 1-1: Grounds into double play, 1-4-3 (Groundball, 15S)
|
Batting: RHB Marc Beck
|
0-0: Swinging Strike 0-1: Foul Ball, location: 2F 0-2: Ball 1-2: Strikes out swinging
|
Top of the 8th over - 0 runs, 0 hits, 0 errors, 0 left on base; Pennsauken 1 - Plymouth 4 |
BOTTOM OF THE 8TH |
Plymouth Rocks batting - Pitching for Pennsauken Flyers : RHP Sergio Reyes
|
Batting: LHB Octávio Ontiveros
|
0-0: Foul Ball, location: 2F 0-1: Ground out 4-3 (Groundball, 34D)
|
Batting: LHB Jeff Lawson
|
0-0: Ground out U3 (Groundball, 34)
|
Batting: LHB Dae-ik Park
|
0-0: Ball 1-0: Ball 2-0: Called Strike 2-1: Foul Ball, location: 2F 2-2: Strikes out swinging
|
Bottom of the 8th over - 0 runs, 0 hits, 0 errors, 0 left on base; Pennsauken 1 - Plymouth 4 |
TOP OF THE 9TH |
Pennsauken Flyers batting - Pitching for Plymouth Rocks : RHP Cisco Andr
|
Pitching: RHP Artie Best
|
|
Batting: RHB José Rodríguez
|
0-0: Called Strike 0-1: Called Strike 0-2: Strikes out swinging
|
Batting: LHB Arana Sashi
|
0-0: Called Strike 0-1: Called Strike 0-2: Ball 1-2: Strikes out looking
|
Batting: SHB Chris Williamson
|
0-0: Ball 1-0: Ball 2-0: Foul Ball, location: 2F 2-1: Called Strike 2-2: Ground out 6-3 (Groundball, 6)
|
Top of the 9th over - 0 runs, 0 hits, 0 errors, 0 left on base; Pennsauken 1 - Plymouth 4 |
|